 Dungeon Crawl Stone Soup version 0.17.1-3-g152610e (webtiles) character file.

117 Goblin1989 the Chopper (level 4, 0/34 HPs)
             Began as a Demonspawn Gladiator on Apr 22, 2016.
             Was a Follower of Makhleb.
             Slain by macross's ghost (9 damage)
             ... on level 3 of the Dungeon.
             The game lasted 00:06:40 (2216 turns).

Goblin1989 the Chopper (Demonspawn Gladiator)       Turns: 2216, Time: 00:06:40

Health: 0/34       AC:  6    Str: 16    XL:     4   Next: 71%
Magic:  4/4        EV: 13    Int: 10    God:    Makhleb [*.....]
Gold:   111        SH:  0    Dex: 18    Spells: 0 memorised, 3 levels left

rFire  + . .     SeeInvis .     a - +0 war axe
rCold  . . .     Clarity  .     k - +0 ring mail
rNeg   . . .     SustAt   .     (no shield)
rPois  .         Gourm    +     c - +0 helmet
rElec  .         Spirit   .     (no cloak)
rCorr  .         Warding  .     (no gloves)
rMut   .         Stasis   .     (no boots)
MR     .....                    u - amulet of the gourmand
Stlth  ++........               (no ring)
                                (no ring)

@: agile, not resistant to hostile enchantments, unstealthy
A: fire resistance 1, flame cloud immunity
a: Renounce Religion


You were on level 3 of the Dungeon.
You worshipped Makhleb.
Makhleb was aware of your devotion.
You were very full.

You visited 1 branch of the dungeon, and saw 3 of its levels.

You collected 111 gold pieces.

Inventory:

Hand Weapons
 a - a +0 war axe (weapon)
Missiles
 d - 3 throwing nets (quivered)
Armour
 c - a +0 helmet (worn)
 k - a +0 ring mail (worn)
Jewellery
 u - an amulet of the gourmand (around neck)
 w - an uncursed amulet of faith {unknown}
Wands
 x - a wand of hasting (3)
Scrolls
 g - 2 scrolls of amnesia {unknown}
 i - 3 scrolls of remove curse {unknown}
 l - a scroll of teleportation {unknown}
 m - 2 scrolls of random uselessness {unknown}
 p - a scroll of identify {unknown}
 v - a scroll of enchant weapon {unknown}
Potions
 n - a potion of brilliance {unknown}
 q - a potion of might {unknown}
 r - a potion of poison {unknown}
 s - a potion of heal wounds {unknown}
 t - a potion of resistance {unknown}
Comestibles
 e - 3 bread rations
 f - a royal jelly
 h - a beef jerky
 o - 2 meat rations


   Skills:
 + Level 2.6 Fighting
 + Level 3.6 Axes
 + Level 1.8 Throwing
 + Level 1.0 Armour
 + Level 3.6 Dodging
 + Level 0.2 Stealth


You had 3 spell levels left.
You didn't know any spells.

Dungeon Overview and Level Annotations

Branches:
Dungeon (3/15)

Altars:
Makhleb

Annotations:
D:3 macross's ghost, amateur DsAK


Innate Abilities, Weirdness & Mutations

Your flesh is heat resistant.
You are immune to clouds of flame.


Message History

Macross's ghost misses you.
You hit macross's ghost.
Macross's ghost is lightly damaged.
Macross's ghost sneers, "Do you call that fighting?"
Macross's ghost hits you!
You take 9 damage, and have 20/34 hp.
MASSIVE DAMAGE!!
You closely miss macross's ghost.
Macross's ghost is lightly damaged.
Macross's ghost closely misses you.
You hit macross's ghost.
Macross's ghost is moderately damaged.
Macross's ghost completely misses you. Macross's ghost hits you!
You take 8 damage, and have 12/34 hp.
MASSIVE DAMAGE!!
You hit macross's ghost.
Macross's ghost is moderately damaged.
Macross's ghost hits you.
* * * LOW HITPOINT WARNING * * *
You take 4 damage, and have 8/34 hp.
Macross's ghost hits you!
You die...

#....# #.# #.#
##.#####.# #.#
#.......# #.#
#.####### #.#
#.######## #.#
#.#......# #.#
#.#.####.# #.#
..#.# #W# #.#
#.#.# #@# #.#
#.#.########.#
#.#..........#
############


You could see macross's ghost.

Vanquished Creatures
  Ijyb (D:2)
  5 adders (D:2)
  An ooze (D:3)
  A giant gecko (D:1)
  9 bats
  2 giant cockroaches
  A hobgoblin (D:2)
  3 jackals (D:2)
  A ball python (D:1)
  A giant newt (D:2)
  10 goblins
  4 kobolds
  5 rats
44 creatures vanquished.

Notes
Turn   | Place    | Note
--------------------------------------------------------------
     0 | D:1      | Goblin1989 the Demonspawn Gladiator began the quest for the Orb.
     0 | D:1      | Reached XP level 1. HP: 16/16 MP: 1/1
   473 | D:1      | Gained mutation: Your flesh is heat resistant. [demonic ancestry]
   473 | D:1      | Reached XP level 2. HP: 22/22 MP: 2/2
   632 | D:1      | Reached skill level 3 in Dodging
   894 | D:2      | Found a burning altar of Makhleb.
   909 | D:2      | Became a worshipper of Makhleb the Destroyer
   997 | D:2      | Gained mutation: You are immune to clouds of flame. [demonic ancestry]
   997 | D:2      | Reached XP level 3. HP: 27/27 MP: 3/3
  1217 | D:2      | Noticed Ijyb
  1230 | D:2      | Killed Ijyb
  1230 | D:2      | Reached XP level 4. HP: 27/34 MP: 4/4
  1484 | D:2      | Reached * piety under Makhleb
  1484 | D:2      | Reached skill level 1 in Armour
  2153 | D:3      | Noticed macross's ghost (amateur DsAK)
  2216 | D:3      | Slain by macross's ghost

Action                   |  1- 3 |  4- 6 || total
-------------------------+-------+-------++-------
Melee: War axe           |   104 |    42 ||   146
  Use: Potion            |       |     2 ||     2
  Eat: Chunk             |     1 |    13 ||    14
